 Dungeon Crawl Stone Soup version 0.21.1-1-g345015f (webtiles) character file.

84051 grindst0ne the Dancer (level 15, -1/84 HPs)
             Began as a Vine Stalker Fighter on Mar 7, 2018.
             Was a Follower of Uskayaw.
             Killed from afar by a tengu reaver (15 damage)
             ... with a fireball
             ... on level 14 of the Dungeon.
             The game lasted 01:06:36 (20861 turns).

grindst0ne the Dancer (Vine Stalker Fighter)       Turns: 20861, Time: 01:06:37

Health: -1/84      AC: 18    Str: 20    XL:     15   Next: 79%
Magic:  0/27       EV: 11    Int: 13    God:    Uskayaw [*.....]
Gold:   997        SH: 13    Dex: 14    Spells: 3/14 levels left

rFire    + . .     SeeInvis .   y - +2 dagger (venom)
rCold    . . .     Gourm    .   c - +0 shield
rNeg     . . .     Faith    .   S - +0 plate armour {rF+}
rPois    +         Spirit   +   w - +0 helmet
rElec    .         Reflect  .   z - +2 cloak
rCorr    .         Harm     .   d - +0 pair of gloves
MR       +....                  C - +0 pair of boots
Stlth    ..........             (no amulet)
HPRegen  1.04/turn              R - ring of poison resistance
MPRegen  0.20/turn              m - +4 ring of evasion

@: no status effects
A: fangs 3, regeneration 2, magic shield, antimagic bite, no potion heal 3, rot
immunity
a: Stomp, Renounce Religion


You were on level 14 of the Dungeon.
You worshipped Uskayaw.
Uskayaw was pleased with you.
You were not hungry.

You visited 3 branches of the dungeon, and saw 21 of its levels.
You also visited: Labyrinth.

You collected 997 gold pieces.

Inventory:

Hand Weapons
 y - a +2 dagger of venom (weapon)
 F - a +4 rapier
Missiles
 g - 5 javelins (quivered)
 I - 2 throwing nets
Armour
 c - a +0 shield (worn)
 d - a +0 pair of gloves (worn)
 w - a +0 helmet (worn)
 z - a +2 cloak (worn)
 C - a +0 pair of boots (worn)
 S - a +0 plate armour of fire resistance (worn)
Jewellery
 e - an uncursed ring of resist corrosion
 j - an uncursed ring of protection from magic
 m - a +4 ring of evasion (right hand)
 r - an uncursed ring of positive energy {unknown}
 t - a +5 ring of protection
 R - a ring of poison resistance (left hand)
Wands
 a - a wand of acid (4)
 H - a wand of digging (13)
 K - a wand of polymorph (11)
 N - a wand of paralysis (12)
 Z - a wand of disintegration (9)
Scrolls
 b - 3 scrolls of enchant weapon
 h - 7 scrolls of remove curse
 i - 3 scrolls of fear
 k - 13 scrolls of teleportation
 l - 2 scrolls of immolation {unknown}
 q - a scroll of silence
 s - 2 scrolls of enchant armour
 v - a scroll of magic mapping
 A - 6 scrolls of amnesia
 D - 2 scrolls of noise {unknown}
 J - 2 scrolls of holy word {unknown}
 O - a scroll of fog
 U - 4 scrolls of blinking
Potions
 n - 2 potions of agility
 o - 2 potions of lignification
 p - 7 potions of curing
 x - 6 potions of flight
 B - 2 potions of invisibility
 G - a potion of brilliance {unknown}
 P - 2 potions of might
 W - 2 potions of cancellation
Books
 V - a book of the Warp

   Spells                             Type                      Level
   a - Gell's Gravitas                Translocation                3
   b - Portal Projectile              Hexes/Translocation          3
   c - Force Lance                    Conjuration/Translocation    4
   d - Dispersal                      Translocation                6
   e - Controlled Blink               Translocation                8
   f - Disjunction                    Translocation                8
Miscellaneous
 X - a box of beasts
Comestibles
 f - 59 rations


   Skills:
 + Level 11.8 Fighting
 + Level 11.6 Short Blades
 + Level 4.5 Armour
 + Level 3.5 Dodging
 + Level 11.8 Shields
 * Level 15.6 Invocations


You had 3 spell levels left.
You knew the following spells:

 Your Spells              Type           Power        Failure   Level  Hunger
a - Blink                 Tloc           N/A          100%        2    ###....
b - Passage of Golubria   Tloc           N/A          100%        4    #####..
c - Shroud of Golubria    Chrm/Tloc      #.........   100%        2    ###....
d - Regeneration          Chrm/Necr      #.........   100%        3    ####...


Dungeon Overview and Level Annotations

Branches:
Dungeon (14/15)            Temple (1/1) D:4            Lair (6/6) D:8
 Shoals (0/4) Lair:2       Spider (0/4) Lair:4        Slime (0/5) Lair:6
    Orc (0/2) D:12         Vaults (0/5) D:14

Altars:
Ashenzari
Cheibriados
Dithmenos
Elyvilon
Fedhas
Gozag
Hepliaklqana
Kikubaaqudgha
Makhleb
Nemelex Xobeh
Okawaru
Qazlal
Ru
Sif Muna
Trog
Uskayaw
Vehumet
Wu Jian
Xom
Yredelemnul
Zin
The Shining One
Jiyva

Annotations:
D:2 exclusion: downstairs
D:11 exclusion: downstairs
Lair:4 exclusion: 2 oklob plants


Innate Abilities, Weirdness & Mutations

You have razor-sharp teeth.
You heal very quickly.
When hurt, damage is shared between your health and your magic reserves.
Your bite disrupts and absorbs the magic of your enemies.
Potions cannot restore your health.
You are immune to rotting.


Message History

Press: ? - help, Shift-Dir - straight line, f/p - tengu reaver
Aim: a tengu reaver, wielding a battleaxe of chopping and wearing a runed ring mail (severely wounded, poisoned, covered in acid)
The bolt of acid hits the tengu reaver.
The tengu reaver is splashed with acid.
The acid corrodes the tengu reaver!
The tengu reaver is almost dead.
The bolt of acid hits the battlesphere.
The battlesphere is moderately damaged.
The tengu reaver gestures at you while chanting.
The fireball explodes!
The fireball engulfs you! You resist.
* * * LOW HITPOINT WARNING * * *
Evoke which item? (* to show all) (? for menu, Esc to quit)
Aiming: Corrosive Bolt
Press: ? - help, Shift-Dir - straight line, f/p - tengu reaver
Aim: a tengu reaver, wielding a battleaxe of chopping and wearing a runed ring mail (almost dead, poisoned, covered in acid)
The bolt of acid misses the tengu reaver.
The bolt of acid hits the battlesphere.
The battlesphere is heavily damaged.
The tengu reaver points at you and mumbles some strange words.
The fireball explodes!
The fireball engulfs you! You resist.
You die...

*#########################
,#.........#......#...[..#
.#........)#......#....∩.#
.#.......)))......'......#
.#........#####...#......#
.#.......##...##..#......#
.#.......#.#+*,#@#########
.#########.#,*.#.#.......#
.#....#,,#*###.#Q#.......#
.'....#,,##Q..##*#.......#
.#....#,,,##'##..#.......#
.#....#,,,,#.#'####......#
#########+##.............#
.#,,,,#....#.*...........#
.#,,,,+....#.............#####


You could see a tengu reaver and a battlesphere.

Vanquished Creatures
  Rupert (Lair:3)
  Kirke (D:13)
  2 dire elephants (Lair:5)
  A minotaur (Lab)
  7 hydras
  4 vault guards
  A death knight (D:12)
  A catoblepas (Lair:6)
  5 centaur warriors
  5 two-headed ogres
  4 death yaks
  3 skeletal warriors
  3 unseen horrors
  A wolf spider zombie (D:13)
  3 lindwurms (Lair:6)
  3 ugly things (D:12)
  2 deep elf magi
  3 manticores
  3 cyclopes (D:12)
  An oklob plant (Lair:5)
  4 centaur zombies
  4 black mambas
  13 elephants
  17 spiny frogs
  4 gargoyles (Lab)
  6 rime drakes
  A komodo dragon (Lair:5)
  4 jumping spiders (Lair:4)
  2 hornets
  2 polar bears (Lair:6)
  4 trolls
  7 blink frogs (Lair:6)
  13 hippogriffs
  3 dream sheep
  A meliai zombie (D:11)
  6 redbacks (Lair:4)
  Sigmund (D:2)
  A vampire (D:14)
  A shadow (D:14)
  3 wraiths
  A wyvern (Lair:6)
  79 yaks
  6 hogs (D:13)
  A hog (shapeshifter) (D:12)
  The ghost of Mirai the Skirmisher, an amateur DrFi (D:3)
  A steam dragon (D:12)
  3 hungry ghosts
  5 basilisks
  An acid dragon (D:12)
  12 water moccasins
  9 porcupines
  4 orc warriors
  4 ice beasts
  3 sky beasts
  An eye of draining (D:11)
  2 black bears
  2 necrophages
  4 ogres
  2 phantoms
  14 wolves
  11 crocodiles
  34 centaurs
  A boggart (D:12)
  5 big kobolds
  Blork the orc (D:6)
  17 bullfrogs
  4 scorpions
  2 killer bees
  A wight (D:12)
  A howler monkey (D:14)
  7 crimson imps
  2 bullfrog zombies
  A quasit (D:14)
  5 orc priests
  Crazy Yiuf (D:7)
  2 bullfrog skeletons
  7 centaur skeletons
  12 hounds
  7 jellies
  22 orc wizards
  3 iguanas
  9 worker ants
  A killer bee zombie (D:7)
  3 hound zombies
  A hound skeleton (D:6)
  4 gnolls
  5 adders
  A shadow imp (D:8)
  An ooze (D:3)
  An adder skeleton (D:8)
  A worm (D:2)
  2 leopard geckos
  28 orcs
  3 bats
  6 giant cockroaches
  5 goblins
  5 hobgoblins
  4 jackals (D:1)
  6 quokkas
  2 ball pythons
  A ball python skeleton (D:5)
  5 frilled lizards
  11 kobolds
  A leopard gecko zombie (D:9)
  9 rats
567 creatures vanquished.

Vanquished Creatures (others)
  2 orc wizards
  17 fungi
  10 plants
29 creatures vanquished.

Grand Total: 596 creatures vanquished

Notes
Turn   | Place    | Note
-------+----------+-------------------------------------------
     0 | D:1      | grindst0ne the Vine Stalker Fighter began the quest for the Orb.
     0 | D:1      | Reached XP level 1. HP: 11/11 MP: 2/2
   107 | D:1      | Reached XP level 2. HP: 14/16 MP: 3/3
   538 | D:1      | Reached XP level 3. HP: 13/20 MP: 4/4
  1018 | D:2      | Noticed Sigmund
  1029 | D:2      | Killed Sigmund
  1029 | D:2      | Gained mutation: Your natural rate of healing is unusually fast. [Vine Stalker growth]
  1029 | D:2      | Reached XP level 4. HP: 11/25 MP: 5/5
  1029 | D:2      | Reached XP level 5. HP: 13/29 MP: 6/6
  1253 | D:3      | Noticed Mirai's ghost (amateur DrFi)
  1290 | D:3      | HP: 1/29 [Mirai's ghost (7)]
  1312 | D:3      | HP: 1/29 [Mirai's ghost (11)]
  1425 | D:3      | Reached XP level 6. HP: 33/33 MP: 7/7
  1985 | D:3      | Killed Mirai's ghost
  2185 | D:4      | Noticed a phantom
  2239 | D:4      | Killed a phantom
  2239 | D:4      | Reached XP level 7. HP: 29/38 MP: 8/8
  2471 | D:4      | Found a staircase to the Ecumenical Temple.
  2477 | Temple   | Entered the Ecumenical Temple
  2549 | Temple   | Became a worshipper of Uskayaw the Reveler
  2758 | D:5      | Entered Level 5 of the Dungeon
  2885 | D:5      | Reached * piety under Uskayaw
  2907 | D:5      | Reached ** piety under Uskayaw
  2911 | D:5      | Reached *** piety under Uskayaw
  3154 | D:5      | Found a deep blue altar of Sif Muna.
  3293 | D:5      | Reached skill level 5 in Fighting
  3366 | D:5      | Reached skill level 5 in Shields
  3379 | D:5      | Found a blossoming altar of Fedhas.
  3472 | D:5      | Found a faded altar of an unknown god.
  3472 | D:5      | Found an ancient bone altar of Kikubaaqudgha.
  3477 | D:5      | Found a radiant altar of Vehumet.
  3479 | D:5      | Found a faded altar of an unknown god.
  3480 | D:5      | Found a shadowy altar of Dithmenos.
  3639 | D:6      | Reached skill level 1 in Invocations
  3679 | D:6      | Gained mutation: You have razor-sharp teeth. [Vine Stalker growth]
  3679 | D:6      | Reached XP level 8. HP: 43/43 MP: 9/9
  3746 | D:6      | Noticed Blork the orc
  3794 | D:6      | Killed Blork the orc
  3794 | D:6      | Reached skill level 2 in Invocations
  3882 | D:6      | Found a shimmering altar of Xom.
  4106 | D:6      | Reached skill level 5 in Short Blades
  4308 | D:7      | Reached **** piety under Uskayaw
  4550 | D:7      | Reached skill level 3 in Invocations
  4585 | D:7      | Found a runed door.
  4589 | D:7      | Noticed Crazy Yiuf
  4598 | D:7      | Killed Crazy Yiuf
  4680 | D:7      | Found a shimmering altar of Xom.
  4939 | D:8      | Reached skill level 4 in Invocations
  5057 | D:8      | Reached XP level 9. HP: 45/48 MP: 11/13
  5105 | D:8      | Found a staircase to the Lair.
  5105 | D:8      | Noticed an elephant
  5155 | D:8      | Killed an elephant
  5155 | D:8      | Reached skill level 5 in Invocations
  5294 | D:8      | Reached skill level 6 in Invocations
  5705 | D:8      | You fall through a shaft for 2 floors!
  5705 | D:10     | Entered Level 10 of the Dungeon
  5772 | D:10     | Killed an unseen horror
  5772 | D:10     | Reached skill level 7 in Invocations
  5772 | D:10     | Reached XP level 10. HP: 47/55 MP: 12/16
  5953 | D:10     | Reached skill level 8 in Invocations
  5955 | D:10     | Reached ***** piety under Uskayaw
  6024 | D:10     | Noticed a three-headed hydra
  6037 | D:10     | Killed a three-headed hydra
  6385 | D:8      | Reached XP level 11. HP: 60/60 MP: 18/18
  6406 | D:8      | Found a white marble altar of Elyvilon.
  6671 | D:9      | Reached skill level 9 in Invocations
  6893 | D:9      | Found Kaucubb's General Store.
  7590 | D:10     | Killed an unseen horror
  7870 | Lair:1   | Entered Level 1 of the Lair of Beasts
  8124 | Lair:1   | Noticed a five-headed hydra
  8165 | Lair:1   | Killed a five-headed hydra
  8165 | Lair:1   | Reached skill level 10 in Invocations
  8760 | Lair:1   | Found a snail-covered altar of Cheibriados.
  9082 | Lair:2   | Gained mutation: You heal very quickly. [Vine Stalker growth]
  9082 | Lair:2   | Reached XP level 12. HP: 62/65 MP: 19/21
  9124 | Lair:2   | Found a staircase to the Shoals.
  9263 | Lair:2   | Reached skill level 11 in Invocations
  9271 | Lair:2   | Learned a level 2 spell: Blink
  9276 | Lair:2   | Learned a level 4 spell: Passage of Golubria
  9279 | Lair:2   | Learned a level 2 spell: Shroud of Golubria
 10125 | Lair:3   | Noticed Rupert
 10182 | Lair:3   | Killed Rupert
 10966 | Lair:4   | Found a hole to the Spider Nest.
 10992 | Lair:4   | Reached skill level 12 in Invocations
 11279 | Lair:4   | Reached XP level 13. HP: 56/71 MP: 23/23
 11295 | Lair:4   | Identified the +4 broad axe of Crusades {antimagic, Stlth+} (You found it on level 4 of the Lair of Beasts)
 11625 | Lair:4   | Learned a level 3 spell: Regeneration
 12202 | Lair:5   | Reached skill level 10 in Fighting
 12258 | Lair:5   | Reached skill level 10 in Shields
 12749 | Lair:5   | Identified the +0 chain mail of Devotion {rC+} (You found it on level 5 of the Lair of Beasts)
 13009 | Lair:6   | Entered Level 6 of the Lair of Beasts
 13326 | Lair:6   | Reached skill level 10 in Short Blades
 13326 | Lair:6   | Reached skill level 13 in Invocations
 13800 | Lair:6   | Found a staircase to the Slime Pits.
 13800 | Lair:6   | Found a viscous altar of Jiyva.
 14111 | Lair:6   | Reached XP level 14. HP: 39/77 MP: 20/25
 14408 | Lair:6   | Reached skill level 14 in Invocations
 14667 | Lair:6   | Noticed a dire elephant
 14963 | Lair:5   | Killed a dire elephant
 15279 | Lair:6   | Noticed a dire elephant
 15399 | Lair:5   | Killed a dire elephant
 16693 | D:12     | Reached skill level 1 in Dodging
 17356 | D:12     | Found a staircase to the Orcish Mines.
 17467 | D:12     | Reached XP level 15. HP: 83/83 MP: 27/27
 17608 | D:12     | Reached skill level 15 in Invocations
 17768 | D:12     | Found the +8 frozen axe "Frostbite" {freezing cloud, *Noise +Fly rC+}
 17820 | D:12     | Got a twisted trident {pierce}
 17822 | D:12     | Identified the cursed +0 trident of Moderation {pierce, rN++} (You took it off a boggart on level 12 of the Dungeon)
 17963 | D:13     | Noticed Kirke
 17972 | D:13     | Killed Kirke
 18109 | D:13     | Reached ****** piety under Uskayaw
 18854 | D:14     | Found a labyrinth entrance.
 18863 | Lab      | Entered a labyrinth
 19688 | Lab      | Identified the Catalogue of the Lethal Frostbite
 19688 | Lab      | Identified Sif Muna's Incunabulum of Doomed Poison
 19791 | D:14     | Found a gate to the Vaults.
 20829 | D:14     | Noticed a tengu reaver
 20861 | D:14     | Killed from afar by a tengu reaver

Skill      XL: |  1  2  3  4  5  6  7  8  9 10 11 12 13 14 15 |
---------------+----------------------------------------------+-----
Short Blades   | 2 3 4 5 6 7 8 9 10 11 | 11.6
Fighting       | 3 4 5 6 7 8 9 10 11 | 11.8
Shields        | 3 4 5 6 7 8 9 10 11 | 11.8
Invocations    | 1 4 7 8 10 12 13 14 15 | 15.6
Dodging        | 1 3 |  3.5
Armour         | 3 4 |  4.5

Action                   |  1- 3 |  4- 6 |  7- 9 | 10-12 | 13-15 || total
-------------------------+-------+-------+-------+-------+-------++-------
Melee: Rapier            |    82 |   107 |   166 |       |   218 ||   573
       Bite              |    19 |    31 |   120 |   265 |   938 ||  1373
       Dagger            |       |       |   225 |   747 |  1888 ||  2860
Throw: Javelin           |       |       |       |       |     5 ||     5
Evoke: Wand              |       |       |       |     8 |    17 ||    25
  Use: Potion            |     1 |     1 |     2 |     3 |     1 ||     8
       Scroll            |       |       |    10 |     1 |    14 ||    25
 Stab: Paralysed         |       |       |     9 |    40 |    85 ||   134
       Petrified         |       |       |       |       |     1 ||     1
  Eat: Chunk             |       |     4 |    11 |    21 |    27 ||    63
       Ration            |       |       |       |       |     2 ||     2
Armor: Scale mail        |    27 |    21 |    17 |       |       ||    65
       Chain mail        |       |       |   110 |       |       ||   110
       Plate armour      |       |       |    38 |   291 |   685 ||  1014
       Skin              |       |       |       |     5 |       ||     5
Dodge: Dodged            |    24 |    33 |    82 |   157 |   435 ||   731
Block: Shield            |    34 |    45 |   136 |   321 |   923 ||  1459
